 Dungeon Crawl Stone Soup version 0.21-a0-265-gb353147 (webtiles) character file.

60 tof the Caller (level 4, -1/30 HPs)
             Began as a Merfolk Summoner on Sept 12, 2017.
             Slain by a sky beast (5 damage)
             ... on level 2 of the Dungeon.
             The game lasted 00:04:13 (1603 turns).

tof the Caller (Merfolk Summoner)                   Turns: 1603, Time: 00:04:13

Health: -1/30      AC:  2    Str:  8    XL:     4   Next: 6%
Magic:  4/7        EV: 13    Int: 15    God:
Gold:   83         SH:  0    Dex: 14    Spells: 6/7 levels left

rFire    . . .     SeeInvis .   o - +0 spear
rCold    . . .     Gourm    .   (no shield)
rNeg     . . .     Faith    .   a - +0 robe
rPois    .         Spirit   .   (no helmet)
rElec    .         Reflect  .   (no cloak)
rCorr    .         Harm     .   (no gloves)
MR       .....                  (no boots)
Stlth    ++........             (no amulet)
HPRegen  0.10/turn              (no ring)
MPRegen  0.10/turn              (no ring)

@: no status effects
A: change form in water, swift swim, stealthy swim
a: no special abilities


You were on level 2 of the Dungeon.
You were not hungry.

You visited 1 branch of the dungeon, and saw 2 of its levels.

You collected 83 gold pieces.

Inventory:

Hand Weapons
 o - a +0 spear (weapon)
Armour
 a - a +0 robe (worn)
Jewellery
 p - an uncursed ring of wizardry {unknown}
Scrolls
 e - a scroll of random uselessness
 g - a scroll of enchant weapon {unknown}
 h - a scroll of immolation {unknown}
 m - a scroll of fear {unknown}
Potions
 d - 2 potions of degeneration {unknown}
 i - a potion of berserk rage {unknown}
 j - 2 potions of lignification {unknown}
 l - 2 potions of might {unknown}
Books
 b - a book of Callings

   Spells                             Type                      Level
   a - Summon Small Mammal            Summoning                    1
   b - Call Imp                       Summoning                    2
   c - Call Canine Familiar           Summoning                    3
   d - Summon Guardian Golem          Hexes/Summoning              3
   e - Summon Lightning Spire         Summoning/Air                4
   f - Summon Ice Beast               Ice/Summoning                4
 f - a book of Minor Magic

   Spells                             Type                      Level
   a - Magic Dart                     Conjuration                  1
   b - Blink                          Translocation                2
   c - Call Imp                       Summoning                    2
   d - Slow                           Hexes                        2
   e - Conjure Flame                  Conjuration/Fire             3
   f - Mephitic Cloud                 Conjuration/Poison/Air       3
Comestibles
 c - 3 bread rations
 k - a meat ration
 n - 6 chunks of flesh


   Skills:
 + Level 0.2 Fighting
 * Level 1.3 Polearms
 + Level 3.1 Dodging
 + Level 2.9 Stealth
 + Level 2.3 Spellcasting
 * Level 4.6 Summonings


You had 6 spell levels left.
You knew the following spells:

 Your Spells              Type           Power        Failure   Level  Hunger
a - Summon Small Mammal   Summ           ###.         3%          1    #......


Dungeon Overview and Level Annotations

Branches:
Dungeon (2/15)

Altars:


Message History

The sky beast flickers out of sight!
Deactivating autopickup; reactivate with Ctrl-A.
Something hits you. Something shocks you.
You closely miss something.
Your bat barely misses something.
Your quokka closely misses something.
Something hits you but does no damage.
You barely miss something.
Your quokka closely misses something.
Something hits you. Something shocks you.
You hit something.
Your bat closely misses something.
Your quokka misses something. Something completely misses you.
Your quokka completely misses something.
You barely miss something.
Your bat hits something but does no damage.
Your quokka misses something. Something hits you. Something shocks you.
* * * LOW HITPOINT WARNING * * *
You completely miss something.
Your bat barely misses something.
Your bat hits something but does no damage.
Your quokka bites something.
Something hits you.
* * * LOW HITPOINT WARNING * * *
Something shocks you.
You die...

.............#.# #####
####.. #####..####..#.#
#...... #.....
#####..##..).#.##.......
#.....
....#..##...)#..........
#.....
....#..##...............
#.....
....#..##...............
#...##
...##..##...###.#....)..
#+####
.......##...###'#.......
.....
######.##...##..@......#
.....
######.#######..{.......
...... .......#
+..rb.....# ......
######## #. #..........
...... #. #.........#
...### #. ####.#+.#..
#...# #. #.. ....# .
#.#.# #.... #. #.# ....#
#.#.#
......####.###.####..##
##.)..


You could see a friendly quokka and a friendly bat.

Vanquished Creatures
  Jessica (D:2)
  A worm (D:2)
  A dart slug (D:2)
  A leopard gecko (D:1)
  6 goblins
  A kobold (D:1)
  3 bats
  A frilled lizard (D:1)
  4 rats (D:1)
19 creatures vanquished.

Vanquished Creatures (collateral kills)
  An ooze (D:2)
  A dart slug (D:1)
  A ball python (D:2)
  A giant cockroach (D:2)
  4 goblins
  2 hobgoblins
  3 kobolds
  2 bats
  3 frilled lizards
  A rat (D:1)
19 creatures vanquished.

Grand Total: 38 creatures vanquished

Notes
Turn   | Place    | Note
-------+----------+-------------------------------------------
     0 | D:1      | tof the Merfolk Summoner began the quest for the Orb.
     0 | D:1      | Reached XP level 1. HP: 13/13 MP: 3/3
   132 | D:1      | Reached XP level 2. HP: 16/19 MP: 3/5
   918 | D:2      | Reached XP level 3. HP: 15/24 MP: 2/6
  1395 | D:2      | Found a faded altar of an unknown god.
  1530 | D:2      | Noticed Jessica
  1542 | D:2      | Killed Jessica
  1542 | D:2      | Reached skill level 1 in Polearms
  1542 | D:2      | Reached XP level 4. HP: 28/30 MP: 3/7
  1583 | D:2      | Noticed a sky beast
  1603 | D:2      | Slain by a sky beast

Vault maps used:
D:1:      shiori_arrival_elements
D:2:      lemuel_zombie_altar_kikubaaqudgha, gammafunk_temple_overflow_wave,
          chequers_ecumenical_altar_simple, first_bread, grunt_ministairs_14,
          minmay_misc_feat_x, uniq_jessica

Skill      XL: |  1  2  3 |
---------------+----------+-----
Dodging        | 3 |  3.1
Polearms       | 1 |  1.3
Fighting       | |  0.2
Stealth        | |  2.9
Spellcasting   | |  2.3
Summonings     | |  4.6

Action                   |  1- 3 |  4- 6 || total
-------------------------+-------+-------++-------
Melee: Mace              |    68 |       ||    68
       Unarmed           |     3 |       ||     3
       Spear             |    13 |    13 ||    26
 Cast: Summon Small Mamm |    46 |     4 ||    50
  Use: Scroll            |     3 |       ||     3
  Eat: Chunk             |     3 |       ||     3
Armor: Robe              |    22 |     3 ||    25
Dodge: Dodged            |    69 |     3 ||    72

Table legend:
 A = Spawn XP
 B = Non-spawn XP
 C = Spawn XP percentage of total XP
 D = Spawn monster count
 E = Non-spawn monster count
 F = Spawn count percentage of total count
 G = Total turns spent on level
                    A         B        C        D         E        F      G
               +---------+---------+-------+---------+---------+-------+---------
         Total |       0 |      87 |   0.0 |       0 |      38 |   0.0 |  1603
               +---------+---------+-------+---------+---------+-------+---------
           D:1 |       0 |      26 |   0.0 |       0 |      20 |   0.0 |   696
           D:2 |       0 |      61 |   0.0 |       0 |      18 |   0.0 |   907
               +---------+---------+-------+---------+---------+-------+---------
